 Dungeon Crawl Stone Soup version 0.21.1-1-g345015f (webtiles) character file.

24 Iko the Skirmisher (level 3, -1/24 HPs)
             Began as a Gargoyle Berserker on Apr 30, 2018.
             Was a Follower of Trog.
             Slain by Nukog's ghost (2 damage)
             ... on level 3 of the Dungeon.
             The game lasted 00:09:53 (619 turns).

Iko the Skirmisher (Gargoyle Berserker)              Turns: 619, Time: 00:09:54

Health: -1/24      AC:  6    Str: 20    XL:     3   Next: 2%
Magic:  3/3        EV: 12    Int:  8    God:    Trog [*.....]
Gold:   45         SH:  0    Dex:  9    Spells: 2/2 levels left

rFire    . . .     SeeInvis .   f - +3 spear (venom)
rCold    + . .     Gourm    .   (no shield)
rNeg     + . .     Faith    +   b - +1 animal skin
rPois    ∞         Spirit   .   (no helmet)
rElec    +         Reflect  .   (no cloak)
rCorr    .         Harm     .   (no gloves)
MR       .....                  (no boots)
Stlth    +.........             o - amulet of faith
HPRegen  0.08/turn              m - ring of flight
MPRegen  0.08/turn              (no ring)

@: no status effects
A: claws 1, cold resistance 1, negative energy resistance 1, electricity
resistance, unbreathing, petrification resistance, rot immunity, MP-powered
wands, AC +3
a: Berserk, Burn Spellbooks, Renounce Religion, Evoke Flight


You were on level 3 of the Dungeon.
You worshipped Trog.
Trog was aware of your devotion.
You were not hungry.

You visited 1 branch of the dungeon, and saw 3 of its levels.

You collected 45 gold pieces.

Inventory:

Hand Weapons
 f - a +3 spear of venom (weapon)
Armour
 b - a +1 animal skin (worn)
Jewellery
 m - a ring of flight (left claw)
 o - an amulet of faith (around neck)
Scrolls
 i - a scroll of identify
 k - a scroll of teleportation
Potions
 l - a potion of haste
Comestibles
 a - 2 chunks of flesh
 c - 3 rations


   Skills:
 + Level 3.8 Fighting
   Level 3.3 Maces & Flails
 + Level 0.2 Polearms
 + Level 2.4 Armour
 + Level 1.7 Dodging


You had 2 spell levels left.
You didn't know any spells.

Dungeon Overview and Level Annotations

Branches:
Dungeon (3/15)

Altars:

Annotations:
D:3 Nukog's ghost, amateur OgSk


Innate Abilities, Weirdness & Mutations

You are resistant to torment.
Your stone body is resilient. (AC +3)
You are immune to poison.
You resist negative energy. (rN+)
You are resistant to electric shocks. (rElec)
You can survive without breathing.
You are immune to petrification.
You are immune to rotting.
You have sharp fingernails.
Your flesh is cold resistant. (rC+)
You expend magic power (3 MP) to strengthen your wands.


Message History

There is a stone staircase leading up here.
Nukog's ghost hits you.
The giant cockroach waves its antennae.
You barely miss Nukog's ghost. The giant cockroach barely misses you.
Nukog's ghost barely misses you.
You puncture Nukog's ghost!
Nukog's ghost is lightly damaged.
The giant cockroach closely misses you. Nukog's ghost hits you.
* * * LOW HITPOINT WARNING * * *
You closely miss Nukog's ghost.
Nukog's ghost is lightly damaged.
The giant cockroach closely misses you. Nukog's ghost barely misses you.
The giant cockroach barely misses you.
You puncture Nukog's ghost!
Nukog's ghost is moderately damaged.
Nukog's ghost hits you.
* * * LOW HITPOINT WARNING * * *
The giant cockroach misses you. The giant cockroach closely misses you.
Nukog's ghost hits you.
You die...

#.#
#.##
#...
#..#
#..#
#..#
#W.#
#.@#
#s.#
#..#
#...
#####


You could see Nukog's ghost and a giant cockroach.

Vanquished Creatures
  A leopard gecko (D:1)
  4 bats
  A giant cockroach (D:1)
  4 goblins
  3 hobgoblins
  3 kobolds (D:1)
  A frilled lizard (D:2)
  4 rats
21 creatures vanquished.

Notes
Turn   | Place    | Note
-------+----------+-------------------------------------------
     0 | D:1      | Iko the Gargoyle Berserker began the quest for the Orb.
     0 | D:1      | Reached XP level 1. HP: 14/14 MP: 1/1
   169 | D:1      | Reached XP level 2. HP: 18/19 MP: 2/2
   546 | D:2      | Gained mutation: You have sharp fingernails. [potion of mutation]
   546 | D:2      | Gained mutation: You expend magic power (3 MP) to strengthen your wands. [potion of mutation]
   546 | D:2      | Gained mutation: Your flesh is cold resistant. (rC+) [potion of mutation]
   594 | D:2      | Reached XP level 3. HP: 24/24 MP: 3/3
   609 | D:3      | Noticed Nukog's ghost (amateur OgSk)
   618 | D:3      | HP: 1/24 [Nukog's ghost (6)]
   619 | D:3      | Slain by Nukog's ghost

Action                   || total
-------------------------++-------
Melee: Spear             ||    47
       Hunting sling     ||    21
  Use: Scroll            ||     7
       Potion            ||     3
Armor: Animal skin       ||    20
Dodge: Dodged            ||    62
